 Dungeon Crawl Stone Soup version 0.31-a0-1467-g53b6572822 (webtiles) character file.

Game seed: 4254178854272421652

55 shadizar the Covered (level 3, 0/24 HPs)
             Began as a Gargoyle Fighter on Dec 28, 2023.
             Slain by an iguana (9 damage)
             ... on level 2 of the Dungeon.
             The game lasted 00:01:15 (1079 turns).

shadizar the Covered (Gargoyle Fighter)             Turns: 1079, Time: 00:01:15

Health: 0/24       AC: 12    Str: 21    XL:     3   Next: 93%
Magic:  3/3        EV:  9    Int:  8    God:
Gold:   29         SH:  4    Dex:  9    Spells: 2/2 levels left

rFire   . . .        a - +0 flail
rCold   . . .        c - +0 buckler
rNeg    + . .        b - +0 scale mail
rPois   ∞            l - +2 hat
rElec   +            (no cloak)
rCorr   .            (no gloves)
SInv    .            (no boots)
Will    .....        (no amulet) Stlth
                     (no ring)
HPRegen 0.24/turn    (no ring)
MPRegen 0.08/turn

%: no passive effects
@: no status effects
A: sickness immunity, AC +3, negative energy resistance 1, electricity
resistance, torment resistance 1, petrification resistance
a: no special abilities


You were on level 2 of the Dungeon.
You visited 1 branch of the dungeon, and saw 2 of its levels.

You collected 29 gold pieces.

Inventory:

Hand Weapons
 a - a +0 flail (weapon)
Armour
 b - a +0 scale mail (worn)
 c - a +0 buckler (worn)
 l - a +2 hat (worn)
Jewellery
 f - a ring of see invisible
 k - a ring of protection from fire
 o - an amulet of guardian spirit
Scrolls
 e - 2 scrolls of summoning {unknown}
 g - a scroll of teleportation {unknown}
 h - 3 scrolls of identify {unknown}
 i - a scroll of silence {unknown}
Potions
 d - a potion of might
 j - 3 potions of curing {unknown}
 m - 2 potions of haste {unknown}
 n - a potion of brilliance {unknown}


   Skills:
 + Level 3.8 Fighting
 + Level 2.6 Maces & Flails
 + Level 3.8 Armour
 + Level 3.8 Shields


You had 2 spell levels left.
You didn't know any spells.
Your spell library was empty.

Dungeon Overview and Level Annotations

Branches:
Dungeon (2/15)

Altars:


Innate Abilities, Weirdness & Mutations

You are immune to sickness and miasma.
Your stone body is resilient. (AC +3)
You are immune to poison.
You resist negative energy. (rN+)
You are resistant to electric shocks. (rElec)
You are resistant to unholy torment.
You are immune to petrification.


Message History

An iguana comes into view.
The iguana hisses angrily.
An iguana is nearby!
An iguana is nearby!
You hit the iguana.
The iguana is lightly wounded.
The iguana bites you but does no damage.
You hit the iguana but do no damage.
The iguana is lightly wounded.
The iguana bites you.
You barely miss the iguana.
The iguana is lightly wounded.
The iguana bites you.
The iguana bites you but does no damage.
You hit the iguana.
The iguana is moderately wounded.
The iguana bites you but does no damage.
You completely miss the iguana.
The iguana is moderately wounded.
The iguana completely misses you.
You barely miss the iguana.
The iguana is moderately wounded.
The iguana barely misses you. The iguana bites you.
You barely miss the iguana.
The iguana is moderately wounded.
The iguana closely misses you.
You barely miss the iguana.
The iguana is moderately wounded.
The iguana bites you!
You are too injured to fight recklessly!
You are too injured to fight recklessly!
You are too injured to fight recklessly!
An iguana is nearby!
You barely miss the iguana.
The iguana is moderately wounded.
The iguana closely misses you. The iguana bites you.
You completely miss the iguana.
The iguana is moderately wounded.
The iguana bites you!
You die...

###.....#.....#.# ###+#.#.####
..'.....#.....#.# #..........#
###.....#.....#.# #..........#
#.....#.....#.# #..........#
#..>..#.....#.#####..........#
#.....#.....#.....'..........#
#.....#.....#######..........#
#.....#...............########
#.....# ###...@######.#
####### #....l.......#
##....#####..# ###
#...######..##### #.. .....
#..........# #.# ......
#..........# #.# .......
#....[.....# #.# ....###
#..........# #.# #..........#
#.#


You could see an iguana.

Vanquished Creatures
  An adder (D:2)
  A worm (D:2)
  4 ball pythons
  3 bats
  3 endoplasms
  A giant cockroach (D:1)
  4 goblins (D:1)
  2 hobgoblins (D:1)
  8 jackals (D:1)
  4 kobolds (D:1)
  A quokka (D:1)
  3 frilled lizards (D:1)
  2 rats (D:1)
37 creatures vanquished.

Notes
Turn   | Place    | Note
-------+----------+-------------------------------------------
     0 | D:1      | shadizar the Gargoyle Fighter began the quest for the Orb.
     0 | D:1      | Reached XP level 1. HP: 14/14 MP: 1/1
   109 | D:1      | Reached XP level 2. HP: 18/19 MP: 2/2
   389 | D:1      | Reached XP level 3. HP: 23/23 MP: 3/3
  1079 | D:2      | Slain by an iguana

Illustrated notes

Levels and vault maps discovered:
D:1:      lightli_arrival_isolated_outpost, layout_rooms
D:2:      layout_basic, shapermc_ecumenical_altar_pompeii

Action                     || total
---------------------------++-------
  Melee: Flail             ||   155
 Armour: Scale mail        ||   131
  Dodge: Dodged            ||    76
  Block: Buckler           ||    38

Table legend: (Time is in decaauts)
 A = Elapsed time spent in this place.
 B = Non-inter-level travel time spent in this place.
 C = Inter-level travel time spent in this place.
 D = Time resting spent in this place.
 E = Time spent auto-exploring this place.
 F = Levels seen in this place.
 G = Mean time per level.
                   A        B        C        D        E       F      G
               +--------+--------+--------+--------+--------+-----+--------+
         Total |   1135 |   1115 |     20 |      0 |    763 |   2 |  567.5 |
       Dungeon |   1135 |   1115 |     20 |      0 |    763 |   2 |  567.5 |
               +--------+--------+--------+--------+--------+-----+--------+

Top non-repeatable levels by time:
     D:1: 696 daAuts
     D:2: 438 daAuts
